 Dungeon Crawl Stone Soup version 0.30-a0-956-gcec3b41aec (webtiles) character file.

Game seed: 6835912072339982180

56 Jeffwins the Trooper (level 4, -4/37 HPs)
             Began as a Human Wanderer on Mar 29, 2023.
             Slain by Grinder (7 damage)
             ... on level 3 of the Dungeon.
             The game lasted 00:02:03 (1731 turns).

Jeffwins the Trooper (Human Wanderer)               Turns: 1731, Time: 00:02:03

Health: -4/37      AC:  3    Str: 14    XL:     4   Next: 17%
Magic:  2/6        EV: 11    Int: 16    God:
Gold:   153        SH:  0    Dex:  9    Spells: 4/5 levels left

rFire   . . .      SeeInvis .    a - +3 rapier (venom)
rCold   . . .      Faith    .    (no shield)
rNeg    . . .      Spirit   .    c - +0 leather armour
rPois   .          Reflect  .    (no helmet)
rElec   .          Rampage  .    (no cloak)
rCorr   .                        (no gloves)
Will    .....                    (no boots)
Stlth   +                        (no amulet)
HPRegen 0.26/turn                (no ring)
MPRegen 0.10/turn                (no ring)

@: no status effects
A: no striking features
a: no special abilities


You were on level 3 of the Dungeon.
You visited 1 branch of the dungeon, and saw 3 of its levels.

You collected 153 gold pieces.


   Skills:
 - Level 4.0 Fighting
 * Level 0.1 Short Blades
 * Level 2.3 Axes
 - Level 1.0 Armour
 + Level 1.3 Stealth
 + Level 1.4 Spellcasting
 * Level 1.3 Conjurations
 * Level 1.7 Fire Magic
 * Level 0.7 Ice Magic
 * Level 1.0 Air Magic
 + Level 0.2 Evocations


You had 4 spell levels left.
You knew the following spells:

 Your Spells              Type           Power      Damage    Failure   Level
z - Foxfire               Conj/Fire      24%        2x1d3     14%         1

Your spell library contained the following spells:

 Spells                   Type           Power      Damage    Failure   Level
 Kindle Blastsparks       Fire/Tloc/Air  8%         2d10      50%         3
 Freezing Cloud           Conj/Ice/Air   2%         6-21      99%         5
 Simulacrum               Ice/Necr       1%         N/A       100%        6
 Polar Vortex             Ice            1%         N/A       100%        9

Inventory:

Hand Weapons
 a - a +3 rapier of venom (weapon)
 k - a +3 hand axe
Armour
 c - a +0 leather armour (worn)
 o - the +0 leather armour of Trumpets {Harm rPois Will+}
   (You found it on level 3 of the Dungeon)

   rPois:     It protects you from poison.
   Harm:      It increases damage dealt and taken.
   Will:      It increases your willpower.
Jewellery
 G - an amulet of guardian spirit
Wands
 j - a wand of roots (11)
Scrolls
 b - a scroll of blinking
 d - a scroll of immolation {unknown}
 e - a scroll of poison {unknown}
 f - 3 scrolls of identify {unknown}
 i - a scroll of butterflies {unknown}
 l - 2 scrolls of teleportation {unknown}
Potions
 g - a potion of flight {unknown}
 h - a potion of curing {unknown}
 m - a potion of brilliance {unknown}
 n - a potion of lignification {unknown}

Dungeon Overview and Level Annotations

Branches:
Dungeon (3/15)

Altars:

Annotations:
D:3 Grinder

..###### ##......
#.....####.......#+##
#...................#
#...................+
§§#.............# #...#
§............######...##
§......w...........(....
....##5###...###.......
§# #@###...###.#.....
#.......+.........
#.......#.####.###
#.......#. #.###
#....<.......+...#
#......##....#.#.#
#......# ....#.#<#
######## ...#.### ...#..


You could see Grinder and a worm.


Message History

You writhe in agony.
* * * LOW HITPOINT WARNING * * *
Grinder gestures at you.
You suddenly lose the ability to move!
Grinder hits you!
* * * LOW HITPOINT WARNING * * *
Grinder hits you but does no damage. x2
Grinder barely misses you.
You can move again.
Unknown command.
Unknown command.
Aiming: Fastroot
Press: ? - help, Shift-Dir - straight line, f - Grinder
Aim: Grinder (heavily wounded)
The roots erupt in riotous growth!
Roots grab Grinder.
Roots grab the worm.
The grasping roots constrict Grinder.
The grasping roots constrict the worm.
You hear a shout!
Grinder hits you.
* * * LOW HITPOINT WARNING * * *
Unknown command.
Unknown command.
Unknown command.
You hit Grinder.
Grinder is severely wounded.
The grasping roots constrict Grinder!
The grasping roots constrict the worm!
The roots release their grip on Grinder.
The roots release their grip on the worm.
Grinder hits you!
You die...

Skill      XL: |  1  2  3  4 |
---------------+-------------+-----
Conjurations   | 1 |  1.3
Air Magic      | 1 |  1.0
Fighting       | |  4.0
Short Blades   | |  0.1
Axes           | |  2.3
Armour         | |  1.0
Stealth        | |  1.3
Spellcasting   | |  1.4
Fire Magic     | |  1.7
Ice Magic      | |  0.7
Evocations     | |  0.2

Action                     |  1- 3 |  4- 6 || total
---------------------------+-------+-------++-------
  Melee: Hand axe          |    83 |       ||    83
         Rapier            |       |    14 ||    14
   Cast: Foxfire           |       |     6 ||     6
  Evoke: Wand              |       |     2 ||     2
 Armour: Leather armour    |    23 |     5 ||    28
  Dodge: Dodged            |    55 |     7 ||    62

Levels and vault maps discovered:
D:1:      shiori_shiawase, layout_basic, minivault_24
D:2:      layout_rooms, ebering_ecumenical_altar_rust, minmay_misc_feat_tiny
D:3:      kb_forest_paths, layout_basic, ashenzari_conservatory_becter,
          nicolae_dithmenos_the_darkroom, serial_shops, shop_coins,
          uniq_grinder, uniq_natasha, uniq_crazy_yiuf_cottage

Notes
Turn   | Place    | Note
-------+----------+-------------------------------------------
     0 | D:1      | Jeffwins the Human Wanderer began the quest for the Orb.
     0 | D:1      | Jeffwins set off with the following items: a +3 hand axe, a
                  | scroll of blinking, a +0 leather armour; and the following
                  | spell memorised: Foxfire; and the following spells
                  | available to memorise: Kindle Blastsparks.
     0 | D:1      | Reached XP level 1. HP: 19/19 MP: 2/2
   302 | D:1      | Reached XP level 2. HP: 21/25 MP: 3/3
   677 | D:1      | Reached XP level 3. HP: 25/30 MP: 4/4
  1063 | D:2      | Found a faded altar of an unknown god.
  1158 | D:2      | Reached skill level 1 in Conjurations
  1346 | D:2      | Reached XP level 4. HP: 34/37 MP: 5/5
  1419 | D:2      | Reached skill level 1 in Air Magic
  1685 | D:3      | Identified the +0 leather armour of Trumpets {Harm rPois
                  | Will+}
  1707 | D:3      | Noticed Grinder
  1717 | D:3      | Paralysed by Grinder for 5 turns
  1725 | D:3      | Paralysed by Grinder for 5 turns
  1730 | D:3      | HP: 2/37 [Grinder (5)]
  1731 | D:3      | Slain by Grinder

Vanquished Creatures
  An adder (D:2)
  2 dart slugs (D:2)
  An orc (D:2)
  5 endoplasms
  2 goblins (D:1)
  5 hobgoblins
  4 jackals (D:1)
  A quokka (D:2)
  2 ball pythons
  5 bats
  5 kobolds
  6 rats
39 creatures vanquished.

Vanquished Creatures (others)
  10 foxfires (D:3)
10 creatures vanquished.

Grand Total: 49 creatures vanquished

Table legend: (Time is in decaauts)
 A = Elapsed time spent in this place.
 B = Non-inter-level travel time spent in this place.
 C = Inter-level travel time spent in this place.
 D = Time resting spent in this place.
 E = Time spent auto-exploring this place.
 F = Levels seen in this place.
 G = Mean time per level.
                   A        B        C        D        E       F      G
               +--------+--------+--------+--------+--------+-----+--------+
         Total |   1748 |   1657 |     91 |      0 |   1380 |   3 |  582.7 |
       Dungeon |   1748 |   1657 |     91 |      0 |   1380 |   3 |  582.7 |
               +--------+--------+--------+--------+--------+-----+--------+

Top non-repeatable levels by time:
     D:1: 1062 daAuts
     D:2: 613 daAuts
     D:3: 72 daAuts

Table legend:
 A = Non-vault XP
 B = Vault XP
 C = Vault XP percentage of total XP
 D = Non-vault monster count
 E = Vault monster count
 F = Vault count percentage of total count
                 A         B        C        D         E       F
            +---------+---------+-------+---------+---------+-------
      Total |      81 |       0 |   0.0 |      39 |       0 |   0.0
            +---------+---------+-------+---------+---------+-------
        D:1 |      31 |       0 |   0.0 |      20 |       0 |   0.0
        D:2 |      46 |       0 |   0.0 |      17 |       0 |   0.0
        D:3 |       4 |       0 |   0.0 |       2 |       0 |   0.0
            +---------+---------+-------+---------+---------+-------
